 Dungeon Crawl Stone Soup version 0.29.0-11-gd7f09526c8 (webtiles) character file.

Game seed: 3296079978254178795

136185 Ijustatesigmund the Gnoll Aeon (level 17, -4/133 HPs)
             Began as a Gnoll Earth Elementalist on Sept 2, 2022.
             Was the Champion of Cheibriados.
             Killed from afar by Nikola (62 damage)
             ... with an arc of chain lightning
             ... on level 3 of the Shoals on Sept 6, 2022.
             The game lasted 02:05:13 (39839 turns).

Ijustatesigmund the Gnoll Aeon (GnEE)              Turns: 39839, Time: 02:05:14

Health: -4/133     AC: 30    Str: 25    XL:     17   Next: 21%
Magic:  25/33      EV: 24    Int: 35    God:    Cheibriados [******]
Gold:   1107       SH: 10    Dex: 28    Spells: 17/41 levels left

rFire   + + .      SeeInvis .   k - +9 morningstar (protect)
rCold   + + +      Faith    .   w - +1 buckler
rNeg    . . .      Spirit   .   D - +4 troll leather armour {Snorg}
rPois   +          Reflect  .   E - +2 helmet
rElec   +          Harm     .   B - scarf {rC+ rF+}
rCorr   +          Rampage  .   q - +0 pair of gloves
Will    +....                   l - +3 pair of mountain boots {steadfast, rC+}
Stlth   ++++++....              o - amulet of the acrobat
HPRegen 1.12/turn               a - ring of wizardry
MPRegen 0.23/turn               c - +4 ring of protection

@: resistant, under a protective aura, very slow
A: fangs 1, strong nose, distributed training
a: Renounce Religion, Bend Time, Temporal Distortion, Slouch, Step From Time


You were on level 3 of the Shoals.
You worshipped Cheibriados.
Cheibriados was exalted by your worship.
You visited 6 branches of the dungeon, and saw 27 of its levels.
You also visited: Ossuary and Ice Cave.

You collected 2693 gold pieces.
You spent 1586 gold pieces at shops.

Inventory:

Hand Weapons
 d - a +4 vampiric war axe
 j - the +12 spear of the Eggplant {vorpal, rElec rC+ Int+2}
   (You took it off a spriggan on level 1 of the Lair of Beasts)

   It inflicts extra damage upon your enemies.
   Int:       It affects your intelligence (+2).
   rC:        It protects you from cold.
   rElec:     It insulates you from electricity.
 k - a +9 morningstar of protection (weapon)
 H - the +10 whip "Jeibaham" {venom, rElec rF++ Dex-3}
   (You found it on level 3 of the Lair of Beasts)

   It poisons the flesh of those it strikes.
   Dex:       It affects your dexterity (-3).
   rF:        It greatly protects you from fire.
   rElec:     It insulates you from electricity.
 R - a +5 flail of holy wrath
Missiles
 y - 12 throwing nets
Armour
 l - the +3 pair of mountain boots (worn) {steadfast, rC+}
   (You bought it in a shop on level 8 of the Dungeon)

   It prevents involuntary movement, except for blinking, teleportation, or
   banishment.
   rC:        It protects you from cold.
 q - a +0 pair of gloves (worn)
 w - a +1 buckler (worn)
 B - a scarf of resistance (worn)
 D - a +4 troll leather armour (worn) {Snorg}
 E - a +2 helmet (worn)
 Y - +4 fire dragon scales
Magical Staves
 f - a staff of conjuration
Jewellery
 a - a ring of wizardry (left hand)
 c - a +4 ring of protection (right hand)
 o - an amulet of the acrobat (around neck)
 v - a ring of see invisible
 z - a ring of protection from cold
 K - a ring of wizardry
Wands
 b - a wand of flame (24)
 F - a wand of digging (4)
 G - a wand of acid (7)
 M - a wand of charming (14)
 P - a wand of roots (16)
 X - a wand of mindburst (20)
Scrolls
 h - 6 scrolls of poison
 i - 13 scrolls of butterflies
 m - 9 scrolls of immolation
 r - 4 scrolls of teleportation
 x - 4 scrolls of identify
 A - 3 scrolls of amnesia
 C - 3 scrolls of magic mapping
 O - 2 scrolls of enchant armour
 T - a scroll of fear
 V - a scroll of brand weapon
 Z - a scroll of silence
Potions
 e - 10 potions of curing
 g - 8 potions of lignification
 n - 4 potions of might
 p - 8 potions of attraction
 s - 2 potions of brilliance
 t - 6 potions of mutation
 u - 4 potions of flight
 I - 3 potions of cancellation
 N - a potion of invisibility
 Q - 3 potions of magic
 S - 3 potions of heal wounds
 U - a potion of resistance
 W - a potion of berserk rage
Miscellaneous
 J - a lightning rod (4/4)
 L - a condenser vane


   Skills:
 + Level 11.9 Fighting
 + Level 11.9 Short Blades
 + Level 11.9 Long Blades
 + Level 11.9 Axes
 + Level 11.9 Maces & Flails
 + Level 11.9 Polearms
 + Level 11.9 Staves
 + Level 11.9 Ranged Weapons
 + Level 11.9 Throwing
 + Level 11.9 Armour
 + Level 12.7 Dodging
 + Level 12.6 Stealth
 + Level 11.9 Shields
 + Level 11.9 Unarmed Combat
 + Level 12.8 Spellcasting
 + Level 10.0 Conjurations
 + Level 10.0 Hexes
 + Level 10.0 Summonings
 + Level 10.0 Necromancy
 + Level 10.0 Translocations
 + Level 10.3 Transmutations
 + Level 10.0 Fire Magic
 + Level 10.0 Ice Magic
 + Level 10.0 Air Magic
 + Level 11.4 Earth Magic
 + Level 10.0 Poison Magic
 + Level 12.9 Invocations
 + Level 11.9 Evocations


You had 17 spell levels left.
You knew the following spells:

 Your Spells              Type           Power      Damage    Failure   Level
a - Sandblast             Erth           100%       2d20      0%          1
b - Stone Arrow           Conj/Erth      100%       3d13      1%          3
c - Passwall              Tmut/Erth      65%        N/A       1%          2
d - Mephitic Cloud        Conj/Pois/Air  75%        N/A       1%          3
e - Ignite Poison         Fire/Tmut/Pois 76%        N/A       1%          3
f - Freezing Cloud        Conj/Ice/Air   37%        6-21      1%          5
g - Summon Guardian Gole  Hex/Summ       75%        N/A       1%          3
h - Ice Form              Ice/Tmut       76%        N/A       1%          4

Your spell library contained the following spells:

 Spells                   Type           Power      Damage    Failure   Level
 Magic Dart               Conj           100%       1d8       1%          1
 Necrotise                Necr           100%       1d9       1%          1
 Summon Small Mammal      Summ           100%       N/A       1%          1
 Call Imp                 Summ           75%        N/A       1%          2
 Ensorcelled Hibernation  Hex/Ice        100%       N/A       1%          2
 Static Discharge         Conj/Air       75%        3-13/arc  1%          2
 Sublimation of Blood     Necr           75%        N/A       1%          2
 Wereblood                Tmut           76%        N/A       1%          2
 Call Canine Familiar     Summ           75%        N/A       1%          3
 Frozen Ramparts          Ice            100%       1d16      1%          3
 Swiftness                Air            75%        N/A       1%          3
 Tukima's Dance           Hex            75%        N/A       1%          3
 Vampiric Draining        Necr           75%        2d11      1%          3
 Cause Fear               Hex            37%        N/A       1%          4
 Fulminant Prism          Conj/Hex       37%        3d18      1%          4
 Passage of Golubria      Tloc           75%        N/A       1%          4
 Petrify                  Tmut/Erth      78%        N/A       1%          4
 Summon Ice Beast         Ice/Summ       75%        N/A       1%          4
 Agony                    Necr           75%        N/A       1%          5
 Yara's Violent Unravell  Hex/Tmut       38%        3d15      1%          5
 Dragon Form              Tmut           38%        N/A       12%         7
 Summon Hydra             Summ           37%        N/A       13%         7
 Chain Lightning          Conj/Air       37%        3d50      100%        9
 Dragon's Call            Summ           37%        N/A       100%        9
 Fire Storm               Conj/Fire      37%        8d10      100%        9
 Shatter                  Erth           40%        3d31*     100%        9


Dungeon Overview and Level Annotations

Branches:
Dungeon (15/15)            Temple (1/1) D:4            Lair (5/5) D:9
 Shoals (3/4) Lair:3       Spider (1/4) Lair:2        Slime (0/5) Lair:5
    Orc (2/2) D:11            Elf (0/3) Orc:2        Vaults (0/5) D:14
 Depths (0/4) D:15        Ossuary (visited)           IceCv (visited)

Altars:
Ashenzari
Cheibriados
Dithmenos
Elyvilon
Fedhas
Hepliaklqana
Kikubaaqudgha
Okawaru
Qazlal
Ru
Sif Muna
Trog
Uskayaw
Vehumet
Wu Jian
Xom
Yredelemnul
Zin
The Shining One

Shops:
D:5 *   D:7 **=   D:8 :[*!   D:11 [   Orc:2 :*[(

Annotations:
Lair:2 2 transporters, Huxoxzufuz's ghost, journeyman GnFi
Shoals:3 Nikola


Innate Abilities, Weirdness & Mutations

You have very sharp teeth.
Your uncanny sense of smell can sniff out nearby items.
Your experience applies equally to all skills.


Message History

You impale Nikola!!
Nikola is heavily wounded.
Nikola barely misses you.
You puncture Nikola!
Nikola is heavily wounded.
Nikola warns, "If you see one of my golems, approach with caution, they bite."
Nikola casts a spell at you. The bolt of lightning hits you! You resist.
You puncture Nikola! You bite Nikola, but do no damage.
Nikola is heavily wounded.
Nikola completely misses you.
You puncture Nikola!
Nikola is severely wounded.
Nikola hits you with a +4 rapier of electrocution.
You closely miss Nikola. You bite Nikola.
Nikola is severely wounded.
Nikola gestures wildly while chanting.
Lightning arcs from Nikola's hands!
The bolt of lightning hits you! You resist.
A bolt of lightning appears from out of thin air!
The bolt of lightning hits Nikola!
You hear an angry hiss.
You sock Nikola!
Nikola is severely wounded.
You block Nikola's attack.
You bludgeon Nikola!! You bite Nikola.
Nikola is almost dead.
Nikola mumbles some strange words.
Lightning arcs from Nikola's hands!
The bolt of lightning hits you!!! You resist.
A bolt of lightning appears from out of thin air!
The bolt of lightning hits Nikola.
You sock Nikola!
Nikola is almost dead.
You block Nikola's attack.
You closely miss Nikola.
Nikola is almost dead.
Nikola mumbles some strange words.
Lightning arcs from Nikola's hands!
The bolt of lightning hits you!!! You resist.
You die...

#.~=~~~~~P~P~~>..~~~..### ##.~~≈
##...~~~~P~P........(<.# ##P~~≈
.....~~~~≈~PPP.~.).##### ##..~~≈
...~~~≈~~PP≈§≈≈≈~.## ### #..~~~≈
...k≈≈P~~~~~§§§~~.P# #.###.~~≈≈≈
#..~~~~~....~§§~P..####....~~≈≈≈≈
#.~~~P~~....§~§.~.P!.......~~≈≈≈≈
#..~~~~~~.~..§..P......~~≈≈≈≈≈≈≈≈
#..~~~~~~......@@.....~≈≈≈≈≈≈≈≈≈≈
..~~~~~....~...##...~~≈≈≈~≈≈≈≈≈≈≈
≈≈≈~~~..##.....###..~≈~≈~~~≈≈≈≈≈≈
~~~~~~~.......## ##.≈≈~~~~~~~~~≈≈
~~~~...###....### ..~≈~.~~....~~≈
≈~~~...# ###........≈≈~......~
~~~....#####..~.....≈~......~
........#..#................
..####.........#.......#...


You could see Nikola.

Vanquished Creatures
  Saint Roka (Orc:2)
  A kraken (Shoals:2)
  A stone giant (D:15)
  An entropy weaver (Lair:2)
  Snorg (D:10)
  2 merfolk javelineers (Shoals:1)
  The ghost of Olga the Grappler, a journeyman TrCK of Xom (Lair:1)
  2 ettins
  A fire dragon (D:15)
  Josephine (D:15)
  3 merfolk impalers (Shoals:1)
  Harold (Lair:2)
  6 centaur warriors
  7 boulder beetles
  6 hydras
  A catoblepas (D:15)
  7 two-headed ogres
  Erica (D:8)
  5 tengu warriors
  2 ogre magi
  A death knight (D:14)
  A merfolk aquamancer (Shoals:1)
  11 death yaks
  3 orc high priests
  Sonja (Lair:4)
  Nergalle (D:11)
  A goliath frog (Lair:5)
  5 skeletal warriors
  11 sea snakes
  Pikel (D:7)
  A bog body (IceCv)
  4 harpies (Shoals:1)
  2 deep elf pyromancers
  4 orc knights
  14 ugly things
  5 orc sorcerers (Orc:2)
  2 cyclopes
  2 oklob plants
  10 manticores
  An ice statue (IceCv)
  2 black mambas
  2 moths of wrath (Lair:1)
  5 merfolk sirens
  9 fauns
  3 gargoyles
  A torpor snail (Lair:4)
  3 water nymphs
  An eye of devastation (Lair:5)
  11 cane toads
  2 unseen horrors (D:12)
  2 rime drakes
  Psyche (D:8)
  An anaconda simulacrum (IceCv)
  A kobold demonologist (D:12)
  6 komodo dragons
  An ice devil (IceCv)
  10 merfolk
  4 tyrant leeches (Lair:5)
  2 trolls
  4 polar bears
  8 wind drakes
  3 tarantellas (Spider:1)
  2 hornets (Lair:1)
  34 blink frogs
  9 slime creatures
  7 snapping turtles
  5 jumping spiders
  A culicivora (Spider:1)
  A shadow (D:12)
  6 spriggans (Lair:1)
  4 vampires
  6 wyverns
  45 yaks
  9 wraiths
  6 basilisks
  3 death yak simulacra (IceCv)
  4 steam dragons
  Grum (D:9)
  5 redbacks
  8 wargs
  14 vampire mosquitoes
  3 harpy simulacra (IceCv)
  Menkaure (Ossuary)
  9 water moccasins
  A hydra simulacrum (IceCv)
  A floating eye (Lair:5)
  23 orc warriors
  13 ogres
  A black bear (Lair:2)
  17 centaurs
  16 wolves
  A phantom (D:5)
  A kobold brigand (D:9)
  Blork the orc (Orc:2)
  19 bullfrogs
  A necrophage (D:6)
  7 scorpions
  3 gnoll sergeants (D:8)
  4 two-headed ogre simulacra (IceCv)
  15 wights
  A hornet simulacrum (D:14)
  2 elephant simulacra (IceCv)
  22 killer bees
  2 vampire bats (D:11)
  2 howler monkeys
  8 electric eels
  7 orc priests
  4 hounds
  3 jellies
  3 gnoll boudas
  7 iguanas
  Jessica (D:3)
  21 orc wizards
  5 troll simulacra (IceCv)
  4 spriggan simulacra (IceCv)
  A wolf simulacrum (IceCv)
  3 polar bear simulacra (IceCv)
  4 mummies
  11 adders
  3 naga simulacra (IceCv)
  43 gnolls
  2 shadow imps
  17 white imps
  7 ufetubi
  A worm (D:2)
  A dart slug (D:4)
  53 orcs
  12 bats
  4 endoplasms
  5 giant cockroaches
  8 goblins
  8 hobgoblins
  13 jackals
  6 kobolds
  A quokka (D:3)
  5 ball pythons
  2 frilled lizards (D:1)
  7 gnoll skeletons (Ossuary)
  3 gnoll zombies (Ossuary)
  4 goblin skeletons (Ossuary)
  7 goblin zombies (Ossuary)
  5 hobgoblin skeletons (Ossuary)
  4 hobgoblin zombies (Ossuary)
  2 kobold skeletons (Ossuary)
  4 kobold zombies (Ossuary)
  5 orc skeletons (Ossuary)
  4 orc zombies (Ossuary)
  6 rats
  2 rat skeletons (Ossuary)
  3 rat zombies (Ossuary)
  2 tentacles (Shoals:2)
881 creatures vanquished.

Vanquished Creatures (collateral kills)
  An ugly thing (D:11)
1 creature vanquished.

Vanquished Creatures (others)
  2 death yaks (Lair:4)
  A sea snake (Shoals:1)
  A harpy (Shoals:1)
  A manticore (Shoals:3)
  An unseen horror (D:13)
  An anaconda simulacrum (IceCv)
  A wind drake (Shoals:3)
  A slime creature (D:14)
  3 yaks (Lair:3)
  A wraith (D:14)
  3 two-headed ogre simulacra (IceCv)
  A troll simulacrum (IceCv)
  A spriggan simulacrum (IceCv)
  A wolf simulacrum (IceCv)
  2 naga simulacra (IceCv)
  32 fungi
  158 plants
  5 tentacles (Shoals:2)
216 creatures vanquished.

Grand Total: 1098 creatures vanquished

Notes
Turn   | Place    | Note
-------+----------+-------------------------------------------
     0 | D:1      | Ijustatesigmund the Gnoll Earth Elementalist began the
                  | quest for the Orb.
     0 | D:1      | Reached XP level 1. HP: 13/13 MP: 6/6
   178 | D:1      | Reached XP level 2. HP: 19/19 MP: 5/7
   556 | D:1      | Reached skill level 5 in Spellcasting
   556 | D:1      | Reached XP level 3. HP: 25/25 MP: 6/9
   721 | D:2      | Learned a level 3 spell: Stone Arrow
   724 | D:2      | Learned a level 2 spell: Passwall
  1232 | D:2      | Reached skill level 1 in Invocations
  1571 | D:2      | Reached skill level 1 in Fighting
  1571 | D:2      | Reached skill level 1 in Short Blades
  1571 | D:2      | Reached skill level 1 in Long Blades
  1571 | D:2      | Reached skill level 1 in Axes
  1571 | D:2      | Reached skill level 1 in Maces & Flails
  1571 | D:2      | Reached skill level 1 in Polearms
  1571 | D:2      | Reached skill level 1 in Staves
  1571 | D:2      | Reached skill level 1 in Ranged Weapons
  1571 | D:2      | Reached skill level 1 in Throwing
  1571 | D:2      | Reached skill level 1 in Armour
  1571 | D:2      | Reached skill level 1 in Shields
  1571 | D:2      | Reached skill level 1 in Unarmed Combat
  1571 | D:2      | Reached skill level 1 in Evocations
  1853 | D:3      | Reached XP level 4. HP: 32/32 MP: 8/11
  1920 | D:3      | Reached skill level 1 in Conjurations
  1920 | D:3      | Reached skill level 1 in Hexes
  1920 | D:3      | Reached skill level 1 in Summonings
  1920 | D:3      | Reached skill level 1 in Necromancy
  1920 | D:3      | Reached skill level 1 in Translocations
  1920 | D:3      | Reached skill level 1 in Fire Magic
  1920 | D:3      | Reached skill level 1 in Ice Magic
  1920 | D:3      | Reached skill level 1 in Air Magic
  1920 | D:3      | Reached skill level 1 in Poison Magic
  2148 | D:3      | Found a faded altar of an unknown god.
  2188 | D:3      | Reached XP level 5. HP: 37/37 MP: 12/12
  2243 | D:3      | Noticed Jessica
  2252 | D:3      | Killed Jessica
  2664 | D:4      | Reached XP level 6. HP: 36/44 MP: 12/14
  2753 | D:4      | Reached skill level 5 in Dodging
  2959 | D:4      | Identified the +6 mace of Exquisite Torment {spect, Int+7}
  3011 | D:4      | Found a white marble altar of Elyvilon.
  3231 | D:4      | Found a staircase to the Ecumenical Temple.
  3632 | D:5      | Entered Level 5 of the Dungeon
  3642 | D:5      | Found Ijotrau's Lightly-Used Armoury.
  3671 | D:5      | Noticed a +0 dagger
  3672 | D:5      | Noticed a +0 dagger
  3675 | D:5      | Found a hide-covered altar of Uskayaw.
  3745 | D:5      | Found a sand-covered staircase.
  3750 | D:5      | Reached XP level 7. HP: 37/50 MP: 13/15
  3753 | Ossuary  | Entered an ossuary
  4239 | Ossuary  | Noticed Menkaure
  4250 | Ossuary  | Killed Menkaure
  4251 | Ossuary  | Reached skill level 5 in Stealth
  4495 | D:5      | Reached XP level 8. HP: 58/58 MP: 16/16
  5334 | D:5      | Learned a level 3 spell: Mephitic Cloud
  5338 | D:5      | Learned a level 3 spell: Ignite Poison
  5344 | D:5      | Learned a level 5 spell: Freezing Cloud
  6090 | D:6      | Reached XP level 9. HP: 65/65 MP: 11/18
  6830 | D:7      | Reached skill level 5 in Invocations
  6966 | D:7      | Found Unnun's Jewellery Shoppe.
  7165 | D:7      | Noticed Pikel
  7171 | D:7      | Killed Pikel
  7338 | D:7      | Reached skill level 5 in Fighting
  7338 | D:7      | Reached skill level 5 in Short Blades
  7338 | D:7      | Reached skill level 5 in Long Blades
  7338 | D:7      | Reached skill level 5 in Axes
  7338 | D:7      | Reached skill level 5 in Maces & Flails
  7338 | D:7      | Reached skill level 5 in Polearms
  7338 | D:7      | Reached skill level 5 in Staves
  7338 | D:7      | Reached skill level 5 in Ranged Weapons
  7338 | D:7      | Reached skill level 5 in Throwing
  7338 | D:7      | Reached skill level 5 in Armour
  7338 | D:7      | Reached skill level 5 in Shields
  7338 | D:7      | Reached skill level 5 in Unarmed Combat
  7338 | D:7      | Reached skill level 5 in Evocations
  7338 | D:7      | Reached XP level 10. HP: 74/74 MP: 13/20
  7444 | D:7      | Found Wefar's Specific Store.
  7447 | D:7      | Found Qynniff's General Store.
  8588 | D:8      | Found Bopoinn's Self-Improvement Boutique.
  8848 | D:8      | Reached skill level 5 in Transmutations
  9121 | D:8      | Noticed Erica
  9133 | D:8      | Killed Erica
  9219 | D:8      | Found Cajouta's Antique Armour Emporium.
  9224 | D:8      | Found Leceh's General Store.
  9911 | D:8      | Bought a scroll of teleportation for 48 gold pieces
 10059 | D:8      | Bought a runed helmet for 210 gold pieces
 10238 | D:8      | Found Fenwich's Distillery.
 10776 | D:8      | Noticed Psyche
 10779 | D:8      | Killed Psyche
 10780 | D:8      | Reached skill level 5 in Conjurations
 10780 | D:8      | Reached skill level 5 in Hexes
 10780 | D:8      | Reached skill level 5 in Summonings
 10780 | D:8      | Reached skill level 5 in Necromancy
 10780 | D:8      | Reached skill level 5 in Translocations
 10780 | D:8      | Reached skill level 5 in Fire Magic
 10780 | D:8      | Reached skill level 5 in Ice Magic
 10780 | D:8      | Reached skill level 5 in Air Magic
 10780 | D:8      | Reached skill level 5 in Poison Magic
 10780 | D:8      | Reached XP level 11. HP: 81/81 MP: 12/22
 11278 | Temple   | Entered the Ecumenical Temple
 11283 | Temple   | Became a worshipper of Cheibriados the Contemplative
 11760 | D:9      | Noticed Grum
 11766 | D:9      | Killed Grum
 11881 | D:9      | Found a staircase to the Lair.
 12781 | D:9      | Found a hazy altar of Hepliaklqana.
 12781 | D:9      | Found a sacrificial altar of Ru.
 13321 | D:10     | Entered Level 10 of the Dungeon
 13414 | D:10     | Reached * piety under Cheibriados
 14069 | D:10     | Identified the +0 leather armour of Cowardice {Contam rF+
                  | rC+++ Int-5}
 14087 | D:10     | Noticed Snorg
 14104 | D:10     | Killed Snorg
 14589 | D:10     | Reached ** piety under Cheibriados
 15378 | D:11     | Noticed Nergalle
 15451 | D:11     | Killed Nergalle
 15630 | D:11     | Noticed a deep elf pyromancer
 15633 | D:11     | Killed a deep elf pyromancer
 15634 | D:11     | Reached XP level 12. HP: 91/91 MP: 17/24
 15861 | D:11     | Reached *** piety under Cheibriados
 16362 | D:11     | Found Piluth Rotiv's Armour Emporium.
 16362 | D:11     | Found a staircase to the Orcish Mines.
 16552 | D:11     | Noticed a boulder beetle
 16563 | D:11     | Killed a boulder beetle
 16809 | D:11     | Noticed a two-headed ogre
 16815 | D:11     | Killed a two-headed ogre
 16816 | D:11     | Noticed a two-headed ogre
 16824 | D:11     | Killed a two-headed ogre
 17161 | D:11     | Learned a level 3 spell: Summon Guardian Golem
 17362 | D:11     | Reached **** piety under Cheibriados
 17708 | D:12     | Noticed a seven-headed hydra
 17713 | D:12     | Killed a seven-headed hydra
 18098 | Lair:1   | Entered Level 1 of the Lair of Beasts
 18103 | Lair:1   | Noticed Olga's ghost (journeyman TrCK)
 18105 | Lair:1   | Found a transporter.
 18106 | Lair:1   | Found a bloodstained altar of Trog.
 18116 | Lair:1   | Identified the +12 spear of the Eggplant {vorpal, rElec rC+
                  | Int+2}
 18179 | Lair:1   | Found a transporter.
 18369 | Lair:1   | Noticed a boulder beetle
 18374 | Lair:1   | Killed a boulder beetle
 18623 | Lair:1   | Reached XP level 13. HP: 98/98 MP: 26/26
 19114 | Lair:2   | Noticed Harold
 19124 | Lair:2   | Killed Harold
 19212 | Lair:2   | Found a transporter.
 19310 | Lair:2   | Noticed Huxoxzufuz's ghost (journeyman GnFi)
 19412 | Lair:2   | Found a hole to the Spider Nest.
 19424 | Lair:2   | Reached ***** piety under Cheibriados
 19484 | Lair:2   | Found a transporter.
 19489 | Lair:2   | Found a basalt altar of Yredelemnul.
 20272 | Lair:2   | Reached skill level 10 in Spellcasting
 20559 | Lair:3   | Identified the +10 whip "Jeibaham" {venom, rElec rF++
                  | Dex-3}
 20590 | Lair:3   | Found a staircase to the Shoals.
 21210 | Lair:4   | Reached skill level 10 in Dodging
 21738 | Lair:4   | Noticed Sonja
 21746 | Lair:4   | Killed Sonja
 21747 | Lair:4   | Reached skill level 10 in Stealth
 22077 | Lair:4   | Reached skill level 10 in Invocations
 22077 | Lair:4   | Reached XP level 14. HP: 80/108 MP: 18/28
 22163 | Lair:4   | Reached ****** piety under Cheibriados
 22422 | Lair:5   | Entered Level 5 of the Lair of Beasts
 22840 | Lair:5   | Found a staircase to the Slime Pits.
 23696 | Lair:5   | Identified the +10 great sword of the Modern Curses
                  | {freeze, Will+}
 23870 | D:10     | Reached skill level 10 in Earth Magic
 23897 | Orc:1    | Entered Level 1 of the Orcish Mines
 24233 | Orc:2    | Entered Level 2 of the Orcish Mines
 24233 | Orc:2    | Found a staircase to the Elven Halls.
 24283 | Orc:2    | Found a frozen archway.
 24283 | Orc:2    | Found Jybbuwk's Armour Shop.
 24292 | IceCv    | Entered an ice cave
 24490 | IceCv    | Learned a level 4 spell: Ice Form
 24635 | IceCv    | Reached skill level 10 in Fighting
 24635 | IceCv    | Reached skill level 10 in Short Blades
 24635 | IceCv    | Reached skill level 10 in Long Blades
 24635 | IceCv    | Reached skill level 10 in Axes
 24635 | IceCv    | Reached skill level 10 in Maces & Flails
 24635 | IceCv    | Reached skill level 10 in Polearms
 24635 | IceCv    | Reached skill level 10 in Staves
 24635 | IceCv    | Reached skill level 10 in Ranged Weapons
 24635 | IceCv    | Reached skill level 10 in Throwing
 24635 | IceCv    | Reached skill level 10 in Armour
 24635 | IceCv    | Reached skill level 10 in Shields
 24635 | IceCv    | Reached skill level 10 in Unarmed Combat
 24635 | IceCv    | Reached skill level 10 in Evocations
 26051 | IceCv    | Reached XP level 15. HP: 94/115 MP: 17/30
 27248 | Orc:2    | Noticed Saint Roka
 27250 | Orc:2    | Noticed Blork the orc
 27482 | Orc:2    | Killed Blork the orc
 28038 | Orc:2    | Killed Saint Roka
 28133 | Orc:2    | Found Afigow's Antique Weapon Shop.
 28378 | Orc:2    | Found Eliuhomp's General Store.
 28384 | Orc:2    | Bought a ring of wizardry for 390 gold pieces
 28535 | Orc:2    | Found Oneoxia's Book Shop.
 28550 | Orc:2    | Found Wujigini's Antique Armour Shop.
 28977 | Lair:1   | Killed Olga's ghost
 29258 | D:8      | Bought the +3 pair of mountain boots {steadfast, rC+} for
                  | 938 gold pieces
 29258 | D:8      | Found the +3 pair of mountain boots {steadfast, rC+}
 29377 | Spider:1 | Entered Level 1 of the Spider Nest
 33134 | D:14     | Reached XP level 16. HP: 90/124 MP: 29/32
 33264 | D:14     | Found a gate to the Vaults.
 33669 | D:15     | Entered Level 15 of the Dungeon
 34217 | D:14     | Found an ornate altar of the Wu Jian Council.
 34369 | D:15     | Paralysed by something for 2 turns
 34614 | D:15     | Found a broken altar of Ashenzari.
 34888 | D:15     | Noticed Josephine
 34904 | D:15     | Killed Josephine
 35536 | D:15     | Found a hazy altar of Hepliaklqana.
 36101 | D:15     | Found a staircase to the Depths.
 36373 | Shoals:1 | Entered Level 1 of the Shoals
 37103 | Shoals:1 | Reached skill level 10 in Transmutations
 37207 | Shoals:1 | Found a runed translucent door.
 37711 | Shoals:1 | Got the Folio of Conjuration
 38612 | Shoals:2 | Reached XP level 17. HP: 105/133 MP: 23/33
 38668 | Shoals:2 | Noticed a kraken
 38688 | Shoals:2 | Killed a kraken
 39144 | Shoals:3 | Reached skill level 10 in Conjurations
 39144 | Shoals:3 | Reached skill level 10 in Hexes
 39144 | Shoals:3 | Reached skill level 10 in Summonings
 39144 | Shoals:3 | Reached skill level 10 in Necromancy
 39144 | Shoals:3 | Reached skill level 10 in Translocations
 39144 | Shoals:3 | Reached skill level 10 in Fire Magic
 39144 | Shoals:3 | Reached skill level 10 in Ice Magic
 39144 | Shoals:3 | Reached skill level 10 in Air Magic
 39144 | Shoals:3 | Reached skill level 10 in Poison Magic
 39332 | Shoals:3 | Identified the +4 halberd of the Heavens {elec, *Corrode
                  | rF++ Int+6}
 39509 | Shoals:3 | Noticed Nikola
 39839 | Shoals:3 | Killed from afar by Nikola

Illustrated notes

Levels and vault maps discovered:
D:1:      onia_arrival_mini_spirals, layout_rooms
D:2:      layout_basic, st_stairs_3
D:3:      layout_rooms, hellmonk_ecumenical_altar_lost_god,
          grunt_decor_arrowhead, nicolae_elevator_lobby_asterisk, uniq_jessica
D:4:      layout_rooms, elyvilon_altar_5, temple_hall, minmay_surrounded
D:5:      layout_gridville, dancing_weapons_uskayaw, gup_ossuary_entry_pyramid,
          minmay_shop_damaged, st_stairs_3
D:6:      minmay_bubble_buster, layout_basic
D:7:      layout_loops_ring, serial_shops, shop_statue, minivault_22,
          nicolae_lava_and_water, nicolae_specific_store, uniq_pikel
D:8:      layout_cave_pools, serial_gnoll_camp, gnoll_camp_huts_moat,
          gnoll_camp_mini_house, gnoll_camp_mini_doghouse, gnoll_camp_mini_shop,
          gnoll_camp_mini_shop, gnoll_camp_mini_shop, nicolae_shop_self_help,
          uniq_psyche, uniq_erica
D:9:      layout_cave_pods, mainiacjoe_overflow_divided_tiny,
          david_lair_shrubbed, hex_tiny, st_stairs_5, uniq_grum
D:10:     layout_basic, uniq_snorg
D:11:     layout_irregular_city, orc_david_3, dk_noncrumbling_4,
          roderic_batcave, uniq_nergalle
D:12:     layout_loops_corners
D:13:     layout_loops_cross, evilmike_minifort
D:14:     layout_rooms, david_vaults_2, pdpol_wu_jian_five_deadly_venoms
D:15:     grunt_enter_depths_snipers, layout_gridville,
          ashenzari_conservatory_becter, minivault_23,
          worldfamousw_hep_ancestral_shrine, uniq_josephine
Temple:   dpeg_three_leaves_temple
Lair:1:   layout_gridlike, gammafunk_ghost_wrathful_warriors,
          minmay_lair_oklob_items, minivault_19, patterned_corridor
Lair:2:   layout_cave_pods, spider_nest_entry_a, basic_altar, nzn_ghost_randoct,
          uniq_harold
Lair:3:   layout_roguey, minmay_shoals_entry_beasts, st_stairs_10
Lair:4:   layout_cellular_growth, uniq_sonja
Lair:5:   minmay_lair_end_frog_pond, layout_concentric_octagons,
          minmay_slime_entry_eyes
Shoals:1: layout_shoals, lightli_airlock
Shoals:2: layout_shoals
Shoals:3: layout_shoals, nicolae_shoals_lost_giant_hut, uniq_nikola
Spider:1: layout_cave_pods, guppyfry_spider_mini_1
Orc:1:    layout_diamond_mine, serial_shops
Orc:2:    grunt_orc_cross, layout_caves, portal_ice_cave_entry_imps,
          serial_shops, nicolae_shop_window_shopping

Skill      XL: |  1  2  3  4  5  6  7  8  9 10 11 12 13 14 15 16 17 |
---------------+----------------------------------------------------+-----
Transmutations | 2 3 4 5 6 7 8 9 10 | 10.3
Spellcasting   | 5 6 7 8 9 10 11 12 | 12.8
Invocations    | 1 2 3 4 5 6 7 8 10 11 12 | 12.9
Fighting       | 1 2 3 5 6 7 8 9 10 11 | 11.9
Short Blades   | 1 2 3 5 6 7 8 9 10 11 | 11.9
Long Blades    | 1 2 3 5 6 7 8 9 10 11 | 11.9
Axes           | 1 2 3 5 6 7 8 9 10 11 | 11.9
Maces & Flails | 1 2 3 5 6 7 8 9 10 11 | 11.9
Polearms       | 1 2 3 5 6 7 8 9 10 11 | 11.9
Staves         | 1 2 3 5 6 7 8 9 10 11 | 11.9
Ranged Weapons | 1 2 3 5 6 7 8 9 10 11 | 11.9
Throwing       | 1 2 3 5 6 7 8 9 10 11 | 11.9
Armour         | 1 2 3 5 6 7 8 9 10 11 | 11.9
Shields        | 1 2 3 5 6 7 8 9 10 11 | 11.9
Unarmed Combat | 1 2 3 5 6 7 8 9 10 11 | 11.9
Evocations     | 1 2 3 5 6 7 8 9 10 11 | 11.9
Conjurations   | 1 2 3 4 5 6 7 8 9 10 | 10.0
Hexes          | 1 2 3 4 5 6 7 8 9 10 | 10.0
Summonings     | 1 2 3 4 5 6 7 8 9 10 | 10.0
Necromancy     | 1 2 3 4 5 6 7 8 9 10 | 10.0
Translocations | 1 2 3 4 5 6 7 8 9 10 | 10.0
Fire Magic     | 1 2 3 4 5 6 7 8 9 10 | 10.0
Ice Magic      | 1 2 3 4 5 6 7 8 9 10 | 10.0
Air Magic      | 1 2 3 4 5 6 7 8 9 10 | 10.0
Poison Magic   | 1 2 3 4 5 6 7 8 9 10 | 10.0
Dodging        | 5 6 7 8 9 10 11 12 | 12.7
Stealth        | 5 6 7 8 9 10 11 12 | 12.6
Earth Magic    | 6 7 8 9 10 11 | 11.4

Action                   |  1- 3 |  4- 6 |  7- 9 | 10-12 | 13-15 | 16-18 || total
-------------------------+-------+-------+-------+-------+-------+-------++-------
Melee: Whip              |     9 |       |       |       |       |       ||     9
       Bite              |     1 |     5 |    21 |    31 |   116 |    76 ||   250
       War axe           |     4 |    31 |       |       |       |       ||    35
       Mace              |       |    15 |   205 |   134 |       |       ||   354
       Punch             |       |       |     8 |    14 |    42 |       ||    64
       Morningstar       |       |       |       |    90 |   791 |   455 ||  1336
       Unarmed           |       |       |       |       |    26 |       ||    26
 Cast: Sandblast         |    42 |    20 |     1 |    18 |       |       ||    81
       Stone Arrow       |     1 |    11 |    31 |   191 |   154 |    91 ||   479
       Passwall          |       |     1 |       |     2 |     4 |     2 ||     9
       Mephitic Cloud    |       |       |     2 |    30 |     7 |       ||    39
       Ignite Poison     |       |       |     2 |    20 |     6 |       ||    28
       Freezing Cloud    |       |       |       |     6 |    56 |    35 ||    97
       Summon Guardian G |       |       |       |     2 |    13 |     3 ||    18
       Ice Form          |       |       |       |       |     5 |       ||     5
Invok: Bend Time         |       |       |       |       |     1 |     1 ||     2
       Slouch            |       |       |       |       |     7 |     1 ||     8
       Step From Time    |       |       |       |       |     1 |     1 ||     2
Evoke: Wand              |       |       |       |     1 |     3 |    17 ||    21
       Condenser vane    |       |       |       |     1 |       |       ||     1
  Use: Scroll            |    10 |     5 |     2 |    13 |    14 |    11 ||    55
       Potion            |       |     1 |     4 |     3 |     8 |     2 ||    18
 Stab: Sleeping          |       |     2 |     3 |     9 |    14 |     3 ||    31
       Distracted        |       |       |     2 |     1 |     3 |     1 ||     7
Armor: Robe              |     6 |    12 |    24 |    65 |       |       ||   107
       Troll leather arm |       |       |       |    46 |   326 |   169 ||   541
       Skin              |       |       |       |       |    17 |       ||    17
Dodge: Dodged            |    10 |    36 |   152 |   405 |  1246 |   519 ||  2368
Block: Buckler           |       |       |       |       |    50 |   281 ||   331
